1996 views
Uploaded 2023-08-12 03:59:54
Game version 1.36 (6115)
47:22 long 4on4 ladder game on (8)Sanctuary_LV_S2
Saved by GIGA
1996 views
Uploaded 2023-08-12 03:59:54
Game version 1.36 (6115)
47:22 long 4on4 ladder game on (8)Sanctuary_LV_S2


196 units @ 19.6k
/ 3.6k
187 buildings @ 15.5k
/ 6.9k
DudeWhy
(236)
(47:14) : 

| Peasant | 19 | 1425 | / | 0 |
| Mortar Team | 10 | 1800 | / | 700 |
| Flying Machine | 11 | 1100 | / | 330 |
| total: | 40 | 4325g | / | 1030w |
| Scout Tower | 22 | 660 | / | 440 |
| Arcane Tower | 2 | 140 | / | 100 |
| Guard Tower | 7 | 490 | / | 350 |
| Altar of Kings | 1 | 180 | / | 50 |
| Farm | 12 | 960 | / | 240 |
| Lumber Mill | 1 | 120 | / | 0 |
| Town Hall | 1 | 385 | / | 205 |
| Blacksmith | 1 | 140 | / | 60 |
| Workshop | 1 | 140 | / | 140 |
| Keep | 1 | 320 | / | 210 |
| Castle | 1 | 360 | / | 210 |
| total: | 39 | 2585g | / | 1135w |
| 0:02 | Peasant |
| 0:02 | Peasant |
| 0:06 | Altar of Kings |
| 0:19 | Farm |
| 0:20 | Peasant |
| 0:37 | Lumber Mill |
| 0:38 | Peasant |
| 0:47 | Peasant |
| 0:49 | Farm |
| 1:18 | Scout Tower |
| 1:23 | Farm |
| 1:28 | Farm |
| 1:30 | Peasant |
| 1:31 | Peasant |
| 1:34 | Scout Tower |
| 1:35 | Scout Tower |
| 1:37 | Peasant |
| 1:40 | Improved Lumber Harvesting |
| 2:01 | Arcane Tower |
| 2:05 | Peasant |
| 2:16 | Storm Bolt |
| 2:18 | Scout Tower |
| 2:18 | Scout Tower |
| 2:22 | Scout Tower |
| 2:23 | Scout Tower |
| 3:05 | Peasant |
| 3:06 | Guard Tower |
| 3:18 | Town Hall |
| 3:39 | Peasant |
| 3:39 | Peasant |
| 3:41 | Guard Tower |
| 3:43 | Peasant |
| 3:43 | Peasant |
| 4:04 | Peasant |
| 4:04 | Peasant |
| 4:16 | Peasant |
| 4:17 | Peasant |
| 4:31 | Peasant |
| 4:52 | Keep |
| 4:55 | Scout Tower |
| 4:59 | Scout Tower |
| 5:00 | Scout Tower |
| 5:02 | Scout Tower |
| 5:02 | Scout Tower |
| 5:14 | Scout Tower |
| 5:17 | Scout Tower |
| 5:17 | Scout Tower |
| 5:19 | Scout Tower |
| 5:28 | Arcane Tower |
| 5:34 | Improved Masonry |
| 5:42 | Guard Tower |
| 5:56 | Guard Tower |
| 6:01 | Guard Tower |
| 6:18 | Guard Tower |
| 6:24 | Scout Tower |
| 6:25 | Scout Tower |
| 6:26 | Scout Tower |
| 6:28 | Scout Tower |
| 6:31 | Scout Tower |
| 6:31 | Scout Tower |
| 7:34 | Blacksmith |
| 7:59 | Bash |
| 8:00 | Bash |
| 8:59 | Holy Light |
| 9:02 | Guard Tower |
| 9:04 | Castle |
| 9:06 | Black Gunpowder |
| 9:18 | Workshop |
| 10:32 | Flare |
| 10:33 | Mortar Team |
| 12:37 | Divine Shield |
| 13:44 | Fragmentation Shards |
| 13:44 | Mortar Team |
| 13:44 | Mortar Team |
| 13:44 | Mortar Team |
| 14:38 | Refined Gunpowder |
| 14:47 | Advanced Lumber Harvesting |
| 14:47 | Advanced Masonry |
| 16:14 | Farm |
| 16:15 | Farm |
| 16:15 | Farm |
| 16:16 | Farm |
| 20:15 | Divine Shield |
| 22:54 | Mortar Team |
| 22:54 | Mortar Team |
| 22:54 | Mortar Team |
| 22:59 | Storm Bolt |
| 23:00 | Storm Bolt |
| 23:01 | Bash |
| 23:02 | Holy Light |
| 23:35 | Mortar Team |
| 23:35 | Mortar Team |
| 24:32 | Imbued Gunpowder |
| 25:41 | Mortar Team |
| 25:42 | Farm |
| 25:47 | Farm |
| 25:48 | Farm |
| 25:49 | Farm |
| 27:37 | Bash |
| 27:51 | Divine Shield |
| 42:49 | Flying Machine |
| 42:49 | Flying Machine |
| 42:49 | Flying Machine |
| 42:50 | Flying Machine |
| 42:50 | Flying Machine |
| 42:50 | Flying Machine |
| 42:50 | Flying Machine |
| 43:56 | Flying Machine Bombs |
| 44:01 | Flying Machine |
| 45:48 | Flying Machine |
| 45:48 | Flying Machine |
| 45:49 | Flying Machine |
| Right click | 1497 |
| Select group | 882 |
| Misc. action | 367 |
| Select | 358 |
| Use ability | 115 |
| Build/train/purchase | 95 |
| Resource trade | 49 |
| Assign group | 19 |
| Minimap ping | 11 |
| Chat | 5 |
| Remove unit | 2 |

| Healing Salve | 1 | 100 |
| Lesser Clarity Potion | 3 | 210 |
| Orb of Lightning | 1 | 375 |
| Potion of Mana | 1 | 200 |
| Tiny Great Hall | 6 | 3600 |
| Scroll of Town Portal | 1 | 350 |
| Boots of Speed | 1 | 250 |
| Staff of Teleportation | 1 | 150 |
| total: | 15 | 5235g |
| Peon | 54 | 4050 | / | 0 |
| Troll Witch Doctor | 4 | 580 | / | 100 |
| total: | 58 | 4630g | / | 100w |
| Altar of Storms | 2 | 360 | / | 100 |
| Orc Burrow | 4 | 640 | / | 160 |
| War Mill | 1 | 205 | / | 0 |
| Voodoo Lounge | 4 | 520 | / | 120 |
| Great Hall | 8 | 3080 | / | 1480 |
| Spirit Lodge | 1 | 150 | / | 150 |
| Stronghold | 1 | 315 | / | 190 |
| Fortress | 1 | 325 | / | 190 |
| total: | 20 | 4955g | / | 2010w |
| 0:03 | Altar of Storms |
| 0:07 | Orc Burrow |
| 0:08 | Peon |
| 0:09 | Peon |
| 0:19 | Peon |
| 1:36 | Peon |
| 1:36 | Peon |
| 1:38 | War Mill |
| 1:40 | Peon |
| 1:51 | Peon |
| 2:07 | Wind Walk |
| 2:20 | Voodoo Lounge |
| 2:52 | Peon |
| 2:52 | Peon |
| 4:05 | Peon |
| 4:05 | Peon |
| 4:05 | Peon |
| 4:09 | Orc Burrow |
| 4:32 | Great Hall |
| 5:21 | Healing Salve |
| 5:21 | Lesser Clarity Potion |
| 6:45 | Critical Strike |
| 7:57 | Peon |
| 7:57 | Peon |
| 7:57 | Peon |
| 7:57 | Peon |
| 7:57 | Peon |
| 8:57 | Stronghold |
| 10:01 | Voodoo Lounge |
| 11:05 | Lesser Clarity Potion |
| 11:07 | Lesser Clarity Potion |
| 13:22 | Fortress |
| 13:26 | Spirit Lodge |
| 14:31 | Altar of Storms |
| 14:49 | Witch Doctor Adept Training |
| 14:52 | Orc Burrow |
| 14:56 | Orc Burrow |
| 15:19 | Great Hall |
| 15:50 | Witch Doctor Master Training |
| 15:51 | Troll Witch Doctor |
| 15:51 | Troll Witch Doctor |
| 15:51 | Troll Witch Doctor |
| 15:51 | Troll Witch Doctor |
| 16:09 | Great Hall |
| 18:20 | Wind Walk |
| 18:42 | Great Hall |
| 21:21 | Peon |
| 21:21 | Peon |
| 21:21 | Peon |
| 21:21 | Peon |
| 21:22 | Peon |
| 22:12 | Great Hall |
| 23:10 | Critical Strike |
| 26:28 | Peon |
| 26:28 | Peon |
| 26:29 | Peon |
| 26:29 | Peon |
| 26:47 | Boots of Speed |
| 26:47 | Staff of Teleportation |
| 28:04 | Critical Strike |
| 28:22 | Voodoo Lounge |
| 29:45 | Orb of Lightning |
| 29:49 | Potion of Mana |
| 30:14 | Bladestorm |
| 30:53 | Tiny Great Hall |
| 31:49 | Voodoo Lounge |
| 32:27 | Peon |
| 32:28 | Peon |
| 32:28 | Peon |
| 32:28 | Peon |
| 32:28 | Peon |
| 32:53 | Tiny Great Hall |
| 33:31 | Tiny Great Hall |
| 33:37 | Peon |
| 33:37 | Peon |
| 33:37 | Peon |
| 33:37 | Peon |
| 33:37 | Peon |
| 34:11 | Peon |
| 34:11 | Peon |
| 34:11 | Peon |
| 34:11 | Peon |
| 34:11 | Peon |
| 34:53 | Great Hall |
| 34:56 | Great Hall |
| 35:08 | Tiny Great Hall |
| 37:08 | Peon |
| 37:08 | Peon |
| 37:08 | Peon |
| 37:09 | Peon |
| 37:09 | Peon |
| 38:43 | Wind Walk |
| 39:08 | Tiny Great Hall |
| 41:58 | Tiny Great Hall |
| 43:12 | Great Hall |
| 43:15 | Peon |
| 43:15 | Peon |
| 43:15 | Peon |
| 45:00 | Scroll of Town Portal |
| 46:25 | Peon |
| 46:25 | Peon |
| 46:26 | Peon |
| 46:26 | Peon |
| 46:42 | Peon |
| Right click | 1298 |
| Select group | 260 |
| Select | 230 |
| Misc. action | 176 |
| Build/train/purchase | 149 |
| Resource trade | 94 |
| Use ability | 40 |
| Chat | 31 |
| Item give/drop | 7 |
| Minimap ping | 6 |
| Remove unit | 4 |
| Esc | 4 |
| Assign group | 3 |
Jgraham2
(30)
(47:17) : 

| Peasant | 19 | 1425 | / | 0 |
| total: | 19 | 1425g | / | 0w |
| Scout Tower | 85 | 2550 | / | 1700 |
| Arcane Tower | 1 | 70 | / | 50 |
| Guard Tower | 20 | 1400 | / | 1000 |
| Altar of Kings | 3 | 540 | / | 150 |
| Farm | 3 | 240 | / | 60 |
| Lumber Mill | 2 | 240 | / | 0 |
| Town Hall | 2 | 770 | / | 410 |
| Keep | 1 | 320 | / | 210 |
| Castle | 1 | 360 | / | 210 |
| total: | 95 | 4340g | / | 2320w |
| 0:15 | Altar of Kings |
| 0:17 | Peasant |
| 0:18 | Peasant |
| 0:18 | Peasant |
| 0:18 | Peasant |
| 0:18 | Peasant |
| 1:00 | Farm |
| 1:02 | Farm |
| 1:05 | Farm |
| 1:08 | Scout Tower |
| 1:12 | Peasant |
| 1:12 | Peasant |
| 1:43 | Peasant |
| 1:53 | Arcane Tower |
| 2:07 | Peasant |
| 2:07 | Peasant |
| 2:16 | Lumber Mill |
| 2:36 | Peasant |
| 2:47 | Scout Tower |
| 2:51 | Peasant |
| 2:51 | Peasant |
| 2:56 | Storm Bolt |
| 3:10 | Scout Tower |
| 3:11 | Scout Tower |
| 3:13 | Scout Tower |
| 3:15 | Scout Tower |
| 3:17 | Scout Tower |
| 3:22 | Guard Tower |
| 3:32 | Peasant |
| 3:48 | Improved Masonry |
| 3:49 | Improved Lumber Harvesting |
| 3:53 | Peasant |
| 3:53 | Peasant |
| 4:08 | Scout Tower |
| 4:09 | Scout Tower |
| 4:11 | Scout Tower |
| 4:12 | Scout Tower |
| 4:13 | Scout Tower |
| 4:14 | Scout Tower |
| 4:14 | Scout Tower |
| 4:15 | Scout Tower |
| 4:15 | Scout Tower |
| 4:15 | Scout Tower |
| 4:15 | Scout Tower |
| 4:15 | Scout Tower |
| 4:15 | Scout Tower |
| 4:16 | Scout Tower |
| 4:16 | Scout Tower |
| 4:16 | Scout Tower |
| 4:16 | Scout Tower |
| 4:18 | Scout Tower |
| 4:19 | Scout Tower |
| 4:20 | Scout Tower |
| 4:20 | Scout Tower |
| 4:21 | Scout Tower |
| 4:22 | Scout Tower |
| 4:30 | Guard Tower |
| 4:34 | Scout Tower |
| 4:35 | Scout Tower |
| 4:36 | Scout Tower |
| 4:57 | Guard Tower |
| 4:58 | Keep |
| 6:21 | Scout Tower |
| 6:30 | Scout Tower |
| 7:03 | Scout Tower |
| 7:04 | Scout Tower |
| 7:07 | Scout Tower |
| 7:19 | Scout Tower |
| 7:20 | Scout Tower |
| 7:24 | Scout Tower |
| 7:25 | Scout Tower |
| 7:26 | Scout Tower |
| 7:27 | Scout Tower |
| 7:34 | Guard Tower |
| 7:35 | Guard Tower |
| 7:56 | Guard Tower |
| 7:59 | Guard Tower |
| 8:35 | Advanced Masonry |
| 8:58 | Scout Tower |
| 8:58 | Scout Tower |
| 9:00 | Scout Tower |
| 9:00 | Scout Tower |
| 9:22 | Scout Tower |
| 9:23 | Scout Tower |
| 9:38 | Holy Light |
| 9:57 | Altar of Kings |
| 10:01 | Altar of Kings |
| 10:17 | Guard Tower |
| 10:26 | Castle |
| 10:37 | Scout Tower |
| 10:38 | Scout Tower |
| 10:40 | Scout Tower |
| 10:44 | Guard Tower |
| 10:46 | Scout Tower |
| 10:47 | Scout Tower |
| 10:51 | Scout Tower |
| 11:38 | Guard Tower |
| 11:43 | Guard Tower |
| 11:52 | Scout Tower |
| 11:52 | Scout Tower |
| 11:53 | Scout Tower |
| 11:54 | Scout Tower |
| 12:12 | Scout Tower |
| 12:13 | Scout Tower |
| 12:15 | Scout Tower |
| 12:16 | Scout Tower |
| 12:16 | Scout Tower |
| 12:47 | Imbued Masonry |
| 12:49 | Advanced Lumber Harvesting |
| 13:40 | Guard Tower |
| 13:59 | Lumber Mill |
| 14:19 | Guard Tower |
| 14:34 | Guard Tower |
| 14:44 | Scout Tower |
| 14:45 | Scout Tower |
| 14:47 | Scout Tower |
| 14:48 | Scout Tower |
| 16:13 | Guard Tower |
| 16:45 | Scout Tower |
| 16:46 | Scout Tower |
| 17:24 | Guard Tower |
| 17:40 | Scout Tower |
| 17:41 | Scout Tower |
| 17:43 | Scout Tower |
| 17:46 | Scout Tower |
| 17:47 | Scout Tower |
| 19:49 | Guard Tower |
| 21:07 | Scout Tower |
| 21:08 | Scout Tower |
| 21:09 | Scout Tower |
| 21:11 | Scout Tower |
| 21:12 | Scout Tower |
| 21:54 | Guard Tower |
| 22:20 | Guard Tower |
| 22:30 | Scout Tower |
| 22:31 | Scout Tower |
| 22:32 | Scout Tower |
| 22:33 | Scout Tower |
| 25:35 | Town Hall |
| 29:39 | Guard Tower |
| 41:20 | Town Hall |
| 46:41 | Peasant |
| 46:41 | Peasant |
| 46:41 | Peasant |
| Right click | 742 |
| Select | 260 |
| Select group | 139 |
| Build/train/purchase | 52 |
| Resource trade | 52 |
| Minimap ping | 27 |
| Misc. action | 24 |
| Assign group | 9 |
| Use ability | 2 |


| Peasant | 8 | 600 | / | 0 |
| Flying Machine | 54 | 5400 | / | 1620 |
| Dragonhawk Rider | 9 | 1800 | / | 270 |
| Mortar Team | 8 | 1440 | / | 560 |
| total: | 79 | 9240g | / | 2450w |
| Altar of Kings | 2 | 360 | / | 100 |
| Farm | 22 | 1760 | / | 440 |
| Lumber Mill | 1 | 120 | / | 0 |
| Blacksmith | 1 | 140 | / | 60 |
| Arcane Vault | 2 | 260 | / | 60 |
| Town Hall | 1 | 385 | / | 205 |
| Workshop | 3 | 420 | / | 420 |
| Gryphon Aviary | 1 | 140 | / | 150 |
| Keep | 1 | 320 | / | 210 |
| Castle | 1 | 360 | / | 210 |
| total: | 33 | 3585g | / | 1435w |
| 0:04 | Peasant |
| 0:04 | Peasant |
| 0:08 | Altar of Kings |
| 0:10 | Farm |
| 0:11 | Farm |
| 0:15 | Peasant |
| 0:32 | Peasant |
| 0:40 | Peasant |
| 0:49 | Peasant |
| 1:01 | Peasant |
| 1:24 | Lumber Mill |
| 1:26 | Peasant |
| 2:04 | Keep |
| 2:11 | Blacksmith |
| 2:16 | Storm Bolt |
| 2:31 | Improved Lumber Harvesting |
| 3:25 | Black Gunpowder |
| 3:33 | Improved Masonry |
| 4:26 | Castle |
| 4:29 | Refined Gunpowder |
| 4:57 | Workshop |
| 5:07 | Workshop |
| 5:11 | Iron Plating |
| 5:13 | Advanced Masonry |
| 5:35 | Holy Light |
| 6:00 | Flak Cannons |
| 6:00 | Flying Machine |
| 6:01 | Flying Machine |
| 6:04 | Farm |
| 6:06 | Farm |
| 6:29 | Farm |
| 6:30 | Farm |
| 6:32 | Flying Machine |
| 6:32 | Flying Machine |
| 6:48 | Flying Machine Bombs |
| 6:57 | Imbued Gunpowder |
| 7:22 | Workshop |
| 7:24 | Flying Machine |
| 7:24 | Flying Machine |
| 7:24 | Flying Machine |
| 7:27 | Flying Machine |
| 7:27 | Flying Machine |
| 7:27 | Flying Machine |
| 7:31 | Farm |
| 7:42 | Bash |
| 7:55 | Flying Machine |
| 7:55 | Flying Machine |
| 7:58 | Imbued Masonry |
| 8:08 | Steel Plating |
| 8:21 | Flying Machine |
| 8:21 | Flying Machine |
| 8:33 | Flying Machine |
| 8:33 | Flying Machine |
| 8:33 | Flying Machine |
| 8:33 | Flying Machine |
| 8:36 | Flying Machine |
| 9:00 | Flying Machine |
| 9:00 | Flying Machine |
| 9:01 | Flying Machine |
| 9:01 | Flying Machine |
| 9:01 | Flying Machine |
| 9:01 | Flying Machine |
| 9:11 | Gryphon Aviary |
| 9:13 | Farm |
| 9:16 | Farm |
| 9:28 | Flying Machine |
| 9:28 | Flying Machine |
| 9:29 | Flying Machine |
| 9:29 | Flying Machine |
| 9:33 | Arcane Vault |
| 9:35 | Farm |
| 10:21 | Mithril Plating |
| 10:23 | Farm |
| 10:24 | Farm |
| 11:43 | Divine Shield |
| 12:16 | Cloud |
| 12:16 | Dragonhawk Rider |
| 12:16 | Dragonhawk Rider |
| 12:16 | Dragonhawk Rider |
| 13:46 | Mortar Team |
| 14:46 | Storm Bolt |
| 18:03 | Holy Light |
| 20:54 | Holy Light |
| 21:16 | Altar of Kings |
| 21:23 | Flying Machine |
| 21:23 | Flying Machine |
| 21:23 | Flying Machine |
| 21:23 | Flying Machine |
| 21:45 | Farm |
| 21:47 | Farm |
| 21:52 | Town Hall |
| 22:28 | Dragonhawk Rider |
| 22:28 | Dragonhawk Rider |
| 22:32 | Flying Machine |
| 22:32 | Flying Machine |
| 22:32 | Flying Machine |
| 22:32 | Flying Machine |
| 22:32 | Flying Machine |
| 22:32 | Flying Machine |
| 22:32 | Flying Machine |
| 23:43 | Farm |
| 23:46 | Farm |
| 24:30 | Mortar Team |
| 24:30 | Mortar Team |
| 24:32 | Mortar Team |
| 24:32 | Mortar Team |
| 25:35 | Divine Shield |
| 28:26 | Farm |
| 28:29 | Farm |
| 28:32 | Farm |
| 28:33 | Farm |
| 29:24 | Mortar Team |
| 29:37 | Arcane Vault |
| 31:31 | Bash |
| 32:01 | Mortar Team |
| 32:45 | Mortar Team |
| 33:01 | Dragonhawk Rider |
| 33:01 | Dragonhawk Rider |
| 33:01 | Dragonhawk Rider |
| 33:01 | Dragonhawk Rider |
| 33:06 | Farm |
| 33:07 | Farm |
| 34:24 | Holy Light |
| 35:26 | Thunder Clap |
| 35:32 | Thunder Clap |
| 35:48 | Holy Light |
| 35:49 | Devotion Aura |
| 35:52 | Thunder Clap |
| 35:58 | Holy Light |
| 37:06 | Flying Machine |
| 37:06 | Flying Machine |
| 37:06 | Flying Machine |
| 37:06 | Flying Machine |
| 37:06 | Flying Machine |
| 38:20 | Avatar |
| 39:30 | Resurrection |
| 39:53 | Resurrection |
| 42:27 | Resurrection |
| 42:53 | Avatar |
| 43:06 | Thunder Clap |
| 43:52 | Flying Machine |
| 43:52 | Flying Machine |
| 43:52 | Flying Machine |
| 43:53 | Flying Machine |
| 43:53 | Flying Machine |
| 43:53 | Flying Machine |
| 45:43 | Flying Machine |
| 45:43 | Flying Machine |
| 45:43 | Flying Machine |
| Right click | 2494 |
| Select group | 1891 |
| Select | 535 |
| Build/train/purchase | 156 |
| Minimap ping | 51 |
| Use ability | 41 |
| Misc. action | 39 |
| Assign group | 34 |
| Esc | 18 |
| Chat | 16 |
208 units @ 23.6k
/ 2.7k
245 buildings @ 21.8k
/ 10.2k

x1)
| Scroll of Regeneration | 3 | 300 |
| Lesser Clarity Potion | 1 | 70 |
| Staff of Sanctuary | 1 | 250 |
| Scroll of Town Portal | 5 | 1750 |
| Scroll of Healing | 1 | 250 |
| Potion of Lesser Invulnerability | 1 | 150 |
| Tome of Retraining | 1 | 300 |
| total: | 13 | 3070g |
| Peasant | 18 | 1350 | / | 0 |
| Rifleman | 9 | 1845 | / | 270 |
| Dragonhawk Rider | 6 | 1200 | / | 180 |
| Siege Engine | 9 | 1755 | / | 540 |
| total: | 42 | 6150g | / | 990w |
| Scout Tower | 17 | 510 | / | 340 |
| Arcane Tower | 4 | 280 | / | 200 |
| Guard Tower | 5 | 350 | / | 250 |
| Altar of Kings | 1 | 180 | / | 50 |
| Farm | 13 | 1040 | / | 260 |
| Blacksmith | 1 | 140 | / | 60 |
| Barracks | 2 | 320 | / | 120 |
| Town Hall | 3 | 1155 | / | 615 |
| Arcane Vault | 2 | 260 | / | 60 |
| Lumber Mill | 1 | 120 | / | 0 |
| Gryphon Aviary | 2 | 280 | / | 300 |
| Workshop | 2 | 280 | / | 280 |
| Keep | 1 | 320 | / | 210 |
| Castle | 1 | 360 | / | 210 |
| total: | 44 | 4285g | / | 2085w |
| 0:02 | Peasant |
| 0:02 | Peasant |
| 0:21 | Altar of Kings |
| 0:30 | Peasant |
| 0:34 | Farm |
| 0:46 | Peasant |
| 0:53 | Blacksmith |
| 1:01 | Peasant |
| 1:06 | Barracks |
| 1:13 | Peasant |
| 1:17 | Farm |
| 1:39 | Peasant |
| 1:52 | Peasant |
| 2:06 | Farm |
| 2:08 | Rifleman |
| 2:10 | Peasant |
| 2:21 | Peasant |
| 2:42 | Rifleman |
| 2:45 | Peasant |
| 2:49 | Holy Light |
| 3:05 | Peasant |
| 3:06 | Farm |
| 3:25 | Peasant |
| 3:33 | Scout Tower |
| 3:35 | Scout Tower |
| 3:44 | Rifleman |
| 3:52 | Peasant |
| 4:08 | Arcane Tower |
| 4:15 | Devotion Aura |
| 4:41 | Peasant |
| 4:49 | Town Hall |
| 4:52 | Keep |
| 5:01 | Scout Tower |
| 5:30 | Rifleman |
| 6:01 | Arcane Vault |
| 6:03 | Arcane Tower |
| 6:10 | Holy Light |
| 6:14 | Rifleman |
| 6:20 | Scout Tower |
| 6:24 | Scout Tower |
| 6:38 | Farm |
| 6:58 | Arcane Tower |
| 6:59 | Rifleman |
| 7:05 | Arcane Tower |
| 7:21 | Long Rifles |
| 7:25 | Lumber Mill |
| 7:27 | Rifleman |
| 7:40 | Farm |
| 7:44 | Farm |
| 7:53 | Barracks |
| 7:55 | Castle |
| 7:59 | Peasant |
| 8:04 | Arcane Vault |
| 8:06 | Scout Tower |
| 8:06 | Scout Tower |
| 8:43 | Rifleman |
| 8:57 | Improved Lumber Harvesting |
| 9:01 | Scroll of Regeneration |
| 9:03 | Lesser Clarity Potion |
| 9:05 | Scroll of Town Portal |
| 9:08 | Scroll of Regeneration |
| 9:38 | Rifleman |
| 9:43 | Gryphon Aviary |
| 9:46 | Gryphon Aviary |
| 9:50 | Peasant |
| 9:50 | Peasant |
| 9:58 | Black Gunpowder |
| 10:15 | Potion of Lesser Invulnerability |
| 10:35 | Tome of Retraining |
| 10:35 | Retrain Hero |
| 10:41 | Holy Light |
| 10:42 | Divine Shield |
| 10:44 | Scroll of Healing |
| 11:22 | Guard Tower |
| 11:54 | Improved Masonry |
| 12:07 | Scroll of Town Portal |
| 12:27 | Farm |
| 12:28 | Farm |
| 12:42 | Scout Tower |
| 12:43 | Scout Tower |
| 12:48 | Scout Tower |
| 12:49 | Scout Tower |
| 12:50 | Scout Tower |
| 12:54 | Advanced Lumber Harvesting |
| 13:24 | Guard Tower |
| 13:29 | Cloud |
| 13:31 | Dragonhawk Rider |
| 13:54 | Animal War Training |
| 13:58 | Guard Tower |
| 14:01 | Advanced Masonry |
| 14:31 | Dragonhawk Rider |
| 14:35 | Farm |
| 15:02 | Town Hall |
| 15:09 | Scout Tower |
| 15:09 | Scout Tower |
| 15:10 | Scout Tower |
| 16:16 | Workshop |
| 16:19 | Workshop |
| 17:40 | Scroll of Town Portal |
| 17:56 | Guard Tower |
| 18:05 | Divine Shield |
| 18:20 | Barrage |
| 18:28 | Siege Engine |
| 19:09 | Siege Engine |
| 19:16 | Siege Engine |
| 19:18 | Farm |
| 19:32 | Refined Gunpowder |
| 19:33 | Iron Plating |
| 19:48 | Imbued Masonry |
| 21:01 | Siege Engine |
| 21:26 | Town Hall |
| 21:35 | Scout Tower |
| 21:35 | Scout Tower |
| 22:43 | Scroll of Town Portal |
| 22:43 | Staff of Sanctuary |
| 22:45 | Siege Engine |
| 23:26 | Holy Light |
| 23:38 | Siege Engine |
| 23:59 | Guard Tower |
| 24:39 | Imbued Gunpowder |
| 24:40 | Steel Plating |
| 26:35 | Scroll of Regeneration |
| 26:43 | Dragonhawk Rider |
| 26:46 | Siege Engine |
| 27:05 | Scroll of Town Portal |
| 27:15 | Dragonhawk Rider |
| 27:17 | Siege Engine |
| 28:32 | Siege Engine |
| 28:38 | Farm |
| 28:38 | Farm |
| 30:21 | Dragonhawk Rider |
| 30:21 | Dragonhawk Rider |
| Right click | 1275 |
| Select group | 945 |
| Select | 439 |
| Build/train/purchase | 108 |
| Assign group | 46 |
| Use ability | 44 |
| Misc. action | 36 |
| Chat | 34 |
| Minimap ping | 16 |
| Item give/drop | 2 |
| Esc | 1 |

| Peasant | 32 | 2400 | / | 0 |
| Footman | 28 | 3780 | / | 0 |
| Flying Machine | 39 | 3900 | / | 1170 |
| Wisp | 6 | 360 | / | 0 |
| total: | 105 | 10440g | / | 1170w |
| Scout Tower | 120 | 3600 | / | 2400 |
| Guard Tower | 45 | 3150 | / | 2250 |
| Arcane Tower | 2 | 140 | / | 100 |
| Farm | 18 | 1440 | / | 360 |
| Lumber Mill | 2 | 240 | / | 0 |
| Altar of Kings | 1 | 180 | / | 50 |
| Barracks | 4 | 640 | / | 240 |
| Blacksmith | 1 | 140 | / | 60 |
| Arcane Vault | 1 | 130 | / | 30 |
| Town Hall | 6 | 2310 | / | 1230 |
| Workshop | 7 | 980 | / | 980 |
| Keep | 1 | 320 | / | 210 |
| Castle | 1 | 360 | / | 210 |
| Tree of Life | 3 | 1020 | / | 555 |
| total: | 163 | 10680g | / | 5905w |
| 0:03 | Peasant |
| 0:04 | Peasant |
| 0:04 | Peasant |
| 0:09 | Farm |
| 0:16 | Lumber Mill |
| 0:50 | Peasant |
| 0:51 | Peasant |
| 0:51 | Peasant |
| 0:52 | Peasant |
| 1:02 | Scout Tower |
| 1:08 | Peasant |
| 1:24 | Farm |
| 1:26 | Peasant |
| 1:31 | Scout Tower |
| 1:33 | Guard Tower |
| 1:39 | Peasant |
| 1:40 | Peasant |
| 1:54 | Scout Tower |
| 2:00 | Improved Masonry |
| 2:04 | Farm |
| 2:07 | Peasant |
| 2:12 | Guard Tower |
| 2:20 | Scout Tower |
| 2:21 | Scout Tower |
| 2:22 | Scout Tower |
| 2:29 | Guard Tower |
| 2:38 | Peasant |
| 2:54 | Guard Tower |
| 3:04 | Altar of Kings |
| 3:15 | Barracks |
| 3:24 | Guard Tower |
| 3:46 | Scout Tower |
| 3:47 | Scout Tower |
| 3:48 | Scout Tower |
| 3:48 | Scout Tower |
| 3:51 | Guard Tower |
| 3:59 | Barracks |
| 4:13 | Guard Tower |
| 4:37 | Guard Tower |
| 4:58 | Farm |
| 4:59 | Farm |
| 5:00 | Farm |
| 5:01 | Farm |
| 5:05 | Guard Tower |
| 5:08 | Scout Tower |
| 5:09 | Scout Tower |
| 5:12 | Scout Tower |
| 5:21 | Blacksmith |
| 5:24 | Footman |
| 5:25 | Footman |
| 5:56 | Guard Tower |
| 6:17 | Scout Tower |
| 6:18 | Scout Tower |
| 6:20 | Scout Tower |
| 6:22 | Scout Tower |
| 6:23 | Scout Tower |
| 6:44 | Arcane Tower |
| 6:47 | Arcane Tower |
| 6:51 | Scout Tower |
| 6:58 | Guard Tower |
| 7:18 | Guard Tower |
| 7:29 | Footman |
| 7:29 | Footman |
| 7:33 | Summon Water Elemental |
| 7:44 | Scout Tower |
| 8:06 | Scout Tower |
| 8:11 | Scout Tower |
| 8:12 | Scout Tower |
| 8:21 | Scout Tower |
| 8:23 | Scout Tower |
| 8:24 | Scout Tower |
| 8:25 | Scout Tower |
| 8:36 | Arcane Vault |
| 8:38 | Footman |
| 8:38 | Footman |
| 9:15 | Guard Tower |
| 9:34 | Brilliance Aura |
| 10:07 | Guard Tower |
| 10:19 | Scout Tower |
| 10:25 | Town Hall |
| 10:46 | Guard Tower |
| 10:48 | Scout Tower |
| 10:50 | Scout Tower |
| 10:50 | Scout Tower |
| 10:51 | Scout Tower |
| 10:52 | Scout Tower |
| 10:53 | Scout Tower |
| 10:54 | Scout Tower |
| 10:55 | Scout Tower |
| 10:56 | Scout Tower |
| 11:15 | Peasant |
| 11:15 | Peasant |
| 11:15 | Peasant |
| 11:16 | Peasant |
| 11:22 | Scout Tower |
| 11:23 | Scout Tower |
| 11:24 | Scout Tower |
| 11:25 | Scout Tower |
| 11:26 | Scout Tower |
| 11:28 | Scout Tower |
| 11:40 | Scout Tower |
| 11:41 | Scout Tower |
| 12:04 | Scout Tower |
| 12:09 | Scout Tower |
| 12:13 | Peasant |
| 12:13 | Peasant |
| 12:18 | Guard Tower |
| 12:50 | Guard Tower |
| 12:53 | Scout Tower |
| 13:11 | Scout Tower |
| 13:12 | Scout Tower |
| 13:13 | Scout Tower |
| 13:13 | Scout Tower |
| 13:14 | Scout Tower |
| 13:14 | Scout Tower |
| 13:15 | Scout Tower |
| 13:15 | Scout Tower |
| 13:16 | Scout Tower |
| 13:22 | Scout Tower |
| 13:26 | Guard Tower |
| 13:34 | Peasant |
| 13:34 | Peasant |
| 13:45 | Scout Tower |
| 13:47 | Scout Tower |
| 13:52 | Scout Tower |
| 13:54 | Guard Tower |
| 14:07 | Guard Tower |
| 14:22 | Guard Tower |
| 14:40 | Guard Tower |
| 14:43 | Scout Tower |
| 14:54 | Improved Lumber Harvesting |
| 14:56 | Peasant |
| 14:56 | Peasant |
| 14:56 | Peasant |
| 14:56 | Peasant |
| 14:57 | Peasant |
| 14:57 | Peasant |
| 15:02 | Scout Tower |
| 15:05 | Scout Tower |
| 15:32 | Scout Tower |
| 15:33 | Scout Tower |
| 15:34 | Scout Tower |
| 15:35 | Scout Tower |
| 15:37 | Scout Tower |
| 15:47 | Guard Tower |
| 15:54 | Scout Tower |
| 16:56 | Guard Tower |
| 17:01 | Scout Tower |
| 17:04 | Scout Tower |
| 17:05 | Scout Tower |
| 17:07 | Scout Tower |
| 17:07 | Scout Tower |
| 17:08 | Scout Tower |
| 17:29 | Guard Tower |
| 17:39 | Town Hall |
| 17:40 | Guard Tower |
| 17:55 | Guard Tower |
| 18:18 | Town Hall |
| 18:38 | Town Hall |
| 18:53 | Guard Tower |
| 19:46 | Scout Tower |
| 19:59 | Scout Tower |
| 20:02 | Scout Tower |
| 20:10 | Scout Tower |
| 20:12 | Scout Tower |
| 20:17 | Scout Tower |
| 20:21 | Scout Tower |
| 20:24 | Scout Tower |
| 20:25 | Scout Tower |
| 20:28 | Scout Tower |
| 20:33 | Guard Tower |
| 20:40 | Scout Tower |
| 20:41 | Scout Tower |
| 20:46 | Scout Tower |
| 20:47 | Scout Tower |
| 20:51 | Guard Tower |
| 20:53 | Guard Tower |
| 20:58 | Guard Tower |
| 21:08 | Scout Tower |
| 21:12 | Scout Tower |
| 21:22 | Scout Tower |
| 21:26 | Guard Tower |
| 21:35 | Guard Tower |
| 21:40 | Guard Tower |
| 21:43 | Scout Tower |
| 21:47 | Scout Tower |
| 21:54 | Scout Tower |
| 22:12 | Scout Tower |
| 22:16 | Scout Tower |
| 22:18 | Scout Tower |
| 22:22 | Guard Tower |
| 22:26 | Scout Tower |
| 22:35 | Peasant |
| 22:35 | Peasant |
| 22:35 | Peasant |
| 22:38 | Peasant |
| 22:39 | Peasant |
| 22:47 | Scout Tower |
| 22:49 | Scout Tower |
| 22:51 | Guard Tower |
| 22:54 | Scout Tower |
| 22:57 | Scout Tower |
| 23:00 | Guard Tower |
| 23:18 | Guard Tower |
| 23:22 | Scout Tower |
| 23:25 | Scout Tower |
| 23:28 | Scout Tower |
| 23:41 | Guard Tower |
| 23:49 | Keep |
| 23:56 | Scout Tower |
| 23:58 | Scout Tower |
| 24:01 | Scout Tower |
| 24:02 | Guard Tower |
| 24:04 | Scout Tower |
| 24:27 | Scout Tower |
| 24:29 | Scout Tower |
| 24:33 | Scout Tower |
| 24:39 | Scout Tower |
| 24:41 | Guard Tower |
| 24:55 | Scout Tower |
| 25:00 | Guard Tower |
| 25:03 | Scout Tower |
| 25:06 | Scout Tower |
| 25:11 | Scout Tower |
| 25:13 | Guard Tower |
| 25:41 | Guard Tower |
| 25:44 | Scout Tower |
| 29:04 | Castle |
| 29:08 | Workshop |
| 29:10 | Workshop |
| 29:12 | Workshop |
| 29:15 | Workshop |
| 29:20 | Iron Plating |
| 29:21 | Black Gunpowder |
| 29:25 | Workshop |
| 29:32 | Workshop |
| 29:37 | Farm |
| 29:39 | Workshop |
| 29:42 | Farm |
| 29:43 | Farm |
| 29:44 | Farm |
| 29:44 | Farm |
| 29:45 | Farm |
| 29:46 | Farm |
| 29:47 | Farm |
| 29:49 | Farm |
| 29:50 | Farm |
| 29:50 | Farm |
| 30:34 | Town Hall |
| 30:43 | Barracks |
| 30:48 | Barracks |
| 31:04 | Flak Cannons |
| 31:15 | Flying Machine |
| 31:15 | Flying Machine |
| 31:15 | Flying Machine |
| 31:15 | Flying Machine |
| 31:35 | Lumber Mill |
| 31:45 | Flying Machine |
| 31:45 | Flying Machine |
| 32:09 | Summon Water Elemental |
| 32:15 | Flying Machine Bombs |
| 32:59 | Footman |
| 32:59 | Footman |
| 32:59 | Footman |
| 32:59 | Footman |
| 32:59 | Footman |
| 32:59 | Footman |
| 33:00 | Footman |
| 33:00 | Footman |
| 33:08 | Steel Plating |
| 33:23 | Refined Gunpowder |
| 33:42 | Flying Machine |
| 33:42 | Flying Machine |
| 33:42 | Flying Machine |
| 34:00 | Flying Machine |
| 34:00 | Flying Machine |
| 34:11 | Flying Machine |
| 34:12 | Flying Machine |
| 34:19 | Flying Machine |
| 34:22 | Flying Machine |
| 34:24 | Flying Machine |
| 34:26 | Flying Machine |
| 34:28 | Flying Machine |
| 34:28 | Flying Machine |
| 34:28 | Flying Machine |
| 34:42 | Flying Machine |
| 34:42 | Flying Machine |
| 35:12 | Flying Machine |
| 35:13 | Flying Machine |
| 35:13 | Flying Machine |
| 35:13 | Flying Machine |
| 35:31 | Flying Machine |
| 35:31 | Flying Machine |
| 35:45 | Footman |
| 35:45 | Footman |
| 35:45 | Footman |
| 35:46 | Footman |
| 35:46 | Footman |
| 35:46 | Footman |
| 35:46 | Footman |
| 35:46 | Footman |
| 36:06 | Footman |
| 36:08 | Flying Machine |
| 36:08 | Flying Machine |
| 36:08 | Flying Machine |
| 36:33 | Footman |
| 36:33 | Footman |
| 36:54 | Flying Machine |
| 36:54 | Flying Machine |
| 36:55 | Flying Machine |
| 36:55 | Flying Machine |
| 37:13 | Footman |
| 37:13 | Footman |
| 37:14 | Footman |
| 37:16 | Flying Machine |
| 37:16 | Flying Machine |
| 37:22 | Flying Machine |
| 37:23 | Flying Machine |
| 38:04 | Town Hall |
| 38:49 | Tree of Life |
| 39:01 | Tree of Life |
| 40:44 | Tree of Life |
| 44:10 | Wisp |
| 44:10 | Wisp |
| 44:10 | Wisp |
| 44:10 | Wisp |
| 44:11 | Wisp |
| 46:40 | Wisp |
| Select | 542 |
| Right click | 496 |
| Build/train/purchase | 183 |
| Use ability | 27 |
| Misc. action | 23 |
| Resource trade | 11 |
| Remove unit | 3 |

| Rod of Necromancy | 1 | 150 |
| total: | 1 | 150g |
| Acolyte | 10 | 750 | / | 0 |
| Ghoul | 7 | 840 | / | 0 |
| Crypt Fiend | 6 | 1290 | / | 240 |
| Obsidian Statue | 1 | 200 | / | 35 |
| total: | 24 | 3080g | / | 275w |
| Nerubian Tower | 2 | 200 | / | 40 |
| Spirit Tower | 2 | 290 | / | 80 |
| Ziggurat | 7 | 1050 | / | 350 |
| Crypt | 1 | 200 | / | 50 |
| Altar of Darkness | 1 | 180 | / | 50 |
| Graveyard | 1 | 215 | / | 0 |
| Tomb of Relics | 1 | 130 | / | 30 |
| Necropolis | 1 | 225 | / | 0 |
| Sacrificial Pit | 1 | 75 | / | 150 |
| Slaughterhouse | 1 | 140 | / | 135 |
| Halls of the Dead | 1 | 320 | / | 210 |
| total: | 14 | 2215g | / | 765w |
| 0:05 | Acolyte |
| 0:06 | Acolyte |
| 0:06 | Ziggurat |
| 0:08 | Crypt |
| 1:02 | Altar of Darkness |
| 1:04 | Ziggurat |
| 1:11 | Ghoul |
| 1:32 | Ghoul |
| 1:40 | Ghoul |
| 1:52 | Graveyard |
| 2:08 | Ghoul |
| 2:27 | Ghoul |
| 2:35 | Tomb of Relics |
| 2:45 | Ghoul |
| 3:06 | Carrion Beetles |
| 3:09 | Ziggurat |
| 3:24 | Crypt Fiend |
| 4:01 | Crypt Fiend |
| 4:19 | Unholy Armor |
| 4:55 | Impale |
| 4:59 | Halls of the Dead |
| 5:01 | Crypt Fiend |
| 5:51 | Crypt Fiend |
| 5:53 | Ziggurat |
| 5:56 | Nerubian Tower |
| 6:08 | Unholy Strength |
| 6:10 | Rod of Necromancy |
| 6:13 | Nerubian Tower |
| 7:19 | Acolyte |
| 7:20 | Acolyte |
| 7:26 | Sacrificial Pit |
| 7:37 | Acolyte |
| 7:44 | Burrow |
| 7:50 | Creature Attack |
| 7:54 | Acolyte |
| 8:12 | Spirit Tower |
| 8:24 | Acolyte |
| 8:39 | Acolyte |
| 9:02 | Slaughterhouse |
| 9:13 | Acolyte |
| 9:17 | Acolyte |
| 9:23 | Spirit Tower |
| 9:40 | Crypt Fiend |
| 10:08 | Web |
| 10:10 | Creature Carapace |
| 10:26 | Ziggurat |
| 10:39 | Ghoul |
| 10:52 | Ziggurat |
| 10:53 | Ziggurat |
| 11:03 | Obsidian Statue |
| 12:07 | Impale |
| 12:25 | Crypt Fiend |
| 12:39 | Necropolis |
| 20:48 | Spiked Carapace |
| Select group | 589 |
| Right click | 545 |
| Select | 340 |
| Misc. action | 69 |
| Build/train/purchase | 63 |
| Resource trade | 45 |
| Assign group | 26 |
| Use ability | 9 |
| Esc | 3 |
| Minimap ping | 3 |

| Wisp | 13 | 780 | / | 0 |
| Archer | 24 | 3120 | / | 240 |
| total: | 37 | 3900g | / | 240w |
| Altar of Elders | 1 | 180 | / | 50 |
| Moon Well | 15 | 2700 | / | 600 |
| Ancient of War | 4 | 600 | / | 240 |
| Hunter's Hall | 2 | 420 | / | 200 |
| Tree of Life | 2 | 680 | / | 370 |
| Tree of Ages | 1 | 320 | / | 180 |
| Tree of Eternity | 1 | 330 | / | 200 |
| total: | 24 | 4580g | / | 1460w |
| 0:07 | Wisp |
| 0:11 | Altar of Elders |
| 0:15 | Moon Well |
| 0:21 | Ancient of War |
| 0:26 | Wisp |
| 0:40 | Wisp |
| 0:56 | Wisp |
| 1:08 | Wisp |
| 1:16 | Wisp |
| 1:19 | Wisp |
| 1:19 | Wisp |
| 1:19 | Wisp |
| 1:38 | Moon Well |
| 1:57 | Moon Well |
| 2:03 | Wisp |
| 2:03 | Wisp |
| 2:12 | Trueshot Aura |
| 2:27 | Ancient of War |
| 2:45 | Moon Well |
| 3:01 | Moon Well |
| 3:15 | Archer |
| 3:20 | Wisp |
| 3:20 | Wisp |
| 3:36 | Archer |
| 3:49 | Archer |
| 4:09 | Hunter's Hall |
| 4:21 | Archer |
| 4:51 | Archer |
| 5:02 | Archer |
| 5:18 | Moon Well |
| 6:02 | Scout |
| 6:18 | Archer |
| 6:19 | Moon Armor |
| 6:20 | Strength of the Moon |
| 6:22 | Archer |
| 6:38 | Archer |
| 6:38 | Archer |
| 6:47 | Moon Well |
| 7:46 | Tree of Ages |
| 7:50 | Archer |
| 7:50 | Archer |
| 7:50 | Archer |
| 8:26 | Trueshot Aura |
| 9:15 | Archer |
| 9:15 | Archer |
| 9:16 | Archer |
| 9:16 | Archer |
| 10:10 | Improved Moon Armor |
| 10:11 | Improved Strength of the Moon |
| 11:50 | Tree of Eternity |
| 11:53 | Improved Bows |
| 12:50 | Archer |
| 12:50 | Archer |
| 12:50 | Archer |
| 12:57 | Moon Well |
| 14:23 | Searing Arrows |
| 15:01 | Advanced Moon Armor |
| 15:01 | Advanced Strength of the Moon |
| 15:07 | Marksmanship |
| 15:07 | Archer |
| 15:07 | Archer |
| 15:07 | Archer |
| 19:20 | Tree of Life |
| 21:18 | Moon Well |
| 21:22 | Ancient of War |
| 22:12 | Ancient of War |
| 22:14 | Moon Well |
| 22:15 | Moon Well |
| 22:16 | Moon Well |
| 22:16 | Moon Well |
| 22:17 | Moon Well |
| 22:18 | Moon Well |
| 24:30 | Archer |
| 24:34 | Hunter's Hall |
| 26:18 | Tree of Life |
| 29:03 | Trueshot Aura |
| Right click | 1249 |
| Select | 397 |
| Build/train/purchase | 98 |
| Use ability | 9 |
| Remove unit | 1 |
| Minimap ping | 1 |